AoeStats
← ariannalovesyeww

Socotra

504104607Analyzed
4v4 RM · 29d ago on Sep 3, 2026· 17m 11s· 8 players
Game mode
Random Map
Map size
148×148
Population
200
Speed
Normal
Resources
Standard
Victory
Conquest
Starting age
Dark Age
Ending age
Imperial Age
RankedLock teamsTeams togetherTeam positionsShared explorationLock speedFull tech treeHidden civsTurbo modeCheats
Victory
Defeat
🇵🇪 Romans · Peru
843
+12
🇬🇹 Koreans · Guatemala
837
+13
🇦🇷 Goths · Argentina
797
+14
🇦🇷 Turks · Argentina
684
+20
🇨🇴 Celts · Colombia
780
-15
🇺🇸 Teutons · United States
763
-15
🇺🇸 Byzantines · United States
761
-15
🇺🇸 Portuguese · United States
737
-14
ariannalovesyeww
9:06 Loom
11:32 Feudal Age
13:07 Wheelbarrow
12:23 Double-Bit Axe
Blogness
3:01 Loom
11:20 Feudal Age
easymac777
10:56 Feudal Age
11:37 Double-Bit Axe
16:19 Loom
EL THANOS
0:48 Loom
RUDOLF
9:50 Feudal Age
8:09 Loom
10:00 Feudal Age
16:36 Castle Age
GEDIAN
0:29 Loom
13:54 Feudal Age
14:46 Horse Collar
juniorhernandez2675
2:23 Loom
13:04 Feudal Age
14:23 Wheelbarrow
17:23 Castle Age
15:48 Horse Collar
15:56 Double-Bit Axe
Hachita Ludueña
9:02 Loom
13:39 Feudal Age
Connection lost

Rejoining the realm…

Still unreachable

The connection could not be restored.

Session expired

The server has moved on; the page needs a fresh start.